 Dungeon Crawl Stone Soup version 0.30-a0-377-g5cb311bc9f (webtiles) character file.

Game seed: 2431110623896982573

51 lesbiats the Conjurer (level 3, 0/27 (37) HPs)
             Began as an Ogre Reaver on Dec 1, 2022.
             Killed by divine providence
             ... invoked by an orc priest
              (15 damage)
             ... on level 2 of the Dungeon.
             The game lasted 00:05:02 (1740 turns).

lesbiats the Conjurer (Ogre Reaver)                 Turns: 1740, Time: 00:05:04

HP:   0/27 (37)     AC:  3    Str: 18    XL:     3   Next: 83%
MP:   4/7           EV:  9    Int: 14    God:
Gold: 35            SH:  0    Dex:  7    Spells: 4/7 levels left

rFire   . . .      SeeInvis .    a - +0 mace
rCold   . . .      Faith    .    (no shield)
rNeg    . . .      Spirit   .    b - +0 robe
rPois   .          Reflect  .    (helmet restricted)
rElec   .          Harm     .    (no cloak)
rCorr   .          Rampage  .    (gloves unavailable)
Will    .....                    (boots unavailable)
Stlth   +.........               (no amulet)
HPRegen 0.24/turn                (no ring)
MPRegen 0.10/turn                (no ring)

@: very slightly contaminated, very heavily drained
A: large, unfitting armour, tough skin 1
a: no special abilities


You were on level 2 of the Dungeon.
You visited 1 branch of the dungeon, and saw 2 of its levels.

You collected 87 gold pieces.
You spent 52 gold pieces at shops.

Inventory:

Hand Weapons
 a - a +0 mace (weapon)
Armour
 b - a +0 robe (worn)
Jewellery
 d - a +4 ring of protection
Scrolls
 c - 3 scrolls of identify
 e - a scroll of blinking
 f - a scroll of fog
 g - a scroll of teleportation
Potions
 h - a potion of lignification {unknown}
 i - a potion of heal wounds {unknown}
 j - 2 potions of resistance {unknown}
 k - a potion of flight {unknown}


   Skills:
 + Level 3.3 Fighting
 + Level 3.0 Maces & Flails
 - Level 1.7 Dodging
 + Level 2.9 Spellcasting
 * Level 3.3 Conjurations


You had 4 spell levels left.
You knew the following spells:

 Your Spells              Type           Power      Damage    Failure   Level
a - Kiss of Death         Conj/Necr      24%        2d7       11%         1
b - Momentum Strike       Conj/Tloc      12%        3d8       16%         2

Your spell library contained the following spells:

 Spells                   Type           Power      Damage    Failure   Level
 Hailstorm                Conj/Ice       6%         3d4       32%         3
 Ozocubu's Armour         Ice            2%         N/A       54%         3
 Metabolic Englaciation   Hex/Ice        1%         N/A       99%         5
 Simulacrum               Ice/Necr       1%         N/A       100%        6


Dungeon Overview and Level Annotations

Branches:
Dungeon (2/15)

Altars:

Shops:
D:1 *


Innate Abilities, Weirdness & Mutations

You are too large for most types of armour.
You have tough skin. (AC +1)


Message History

You hit the dart slug.
You kill the dart slug!
You see here a dart slug corpse.
An orc priest comes into view. It is wielding a +0 falchion.
Found 13 gold pieces.
You see here a +0 whip.
An orc comes into view. It is wielding a +0 hand axe.
The orc shouts!
You hear a shout!
Casting: Kiss of Death (safe; 11% risk of failure)
Confirm with . or Enter, or press ? or * to list all spells.
Aiming: Momentum Strike (safe; 16% risk of failure)
Press: ? - help, Dir - move target, f - orc priest
Aim: an orc priest, wielding a +0 falchion (68% to hit)
You miscast Momentum Strike.
You are very lightly contaminated with residual magic.
Nothing appears to happen.
Casting: Momentum Strike (safe; 16% risk of failure)
Confirm with . or Enter, or press ? or * to list all spells.
Aiming: Momentum Strike (safe; 16% risk of failure)
Press: ? - help, Dir - move target, f/p - orc priest
Aim: an orc priest, wielding a +0 falchion (68% to hit)
The concentrated momentum hits the orc priest!
You are unable to move.
An orc priest comes into view.
It is wielding a +0 mace and wearing a +0 ring mail of fire resistance.
The orc priest mumbles some strange prayers to Beogh against you.
Pain shoots through your body!
You cannot move.
You cannot move.
You completely miss the orc priest.
The orc priest is heavily wounded.
The orc priest closely misses you.
You sock the orc!
You kill the orc!
You closely miss the orc priest.
You are no longer robbed of momentum.
The orc priest miscasts a cantrip.
The orc priest calls down the wrath of Beogh upon you.
Beogh smites you!
Ouch! That really hurt!
You die...

##### #.# #..#
.# #. #.###..#.
# #####.......#
#..........#.
#.###..##.###.
#†# #..# # #.#
#..# #
#.###..##?#####
#.....)@oo...$.
#########......
#####


You could see 2 orc priests.

Vanquished Creatures
  An adder (D:2)
  2 dart slugs
  An orc (D:2)
  2 endoplasms (D:2)
  A giant cockroach (D:2)
  6 goblins
  3 hobgoblins
  2 jackals (D:1)
  2 quokkas
  2 ball pythons (D:2)
  2 bats (D:1)
  2 frilled lizards (D:1)
  5 kobolds
  2 rats
33 creatures vanquished.

Vanquished Creatures (others)
  A goblin (D:2)
1 creature vanquished.

Grand Total: 34 creatures vanquished

Notes
Turn   | Place    | Note
-------+----------+-------------------------------------------
     0 | D:1      | lesbiats the Ogre Reaver began the quest for the Orb.
     0 | D:1      | Reached XP level 1. HP: 22/22 MP: 3/3
   282 | D:1      | Reached XP level 2. HP: 29/29 MP: 5/5
   360 | D:1      | Found Mifyat's Assorted Antiques.
   574 | D:1      | Learned a level 2 spell: Momentum Strike
   774 | D:1      | Reached XP level 3. HP: 37/37 MP: 7/7
  1076 | D:1      | Bought a bubbling dark potion for 16 gold pieces
  1076 | D:1      | Bought a scroll of identify for 36 gold pieces
  1740 | D:2      | Killed from afar by an orc priest

Illustrated notes

Levels and vault maps discovered:
D:1:      doesnt_arrival_eight_statues, layout_basic, serial_shops, shop,
          serial_rivers, chequers_serial_rivers_small_a,
          chequers_serial_rivers_small_b, chequers_serial_rivers_small_b,
          chequers_serial_rivers_micro_b
D:2:      layout_loops_ring, nicolae_ecumenical_snake_handling,
          kennysheep_generic_room_16

Skill      XL: |  1  2  3 |
---------------+----------+-----
Fighting       | 3 |  3.3
Conjurations   | 3 |  3.3
Maces & Flails | 3 |  3.0
Dodging        | |  1.7
Spellcasting   | |  2.9

Action                   || total
-------------------------++-------
Melee: Mace              ||   131
 Cast: Kiss of Death     ||     2
       Momentum Strike   ||     2
  Use: Scroll            ||     3
Armor: Robe              ||    49
Dodge: Dodged            ||    74

Table legend: (Time is in decaauts)
 A = Elapsed time spent in this place.
 B = Non-inter-level travel time spent in this place.
 C = Inter-level travel time spent in this place.
 D = Time resting spent in this place.
 E = Time spent auto-exploring this place.
 F = Levels seen in this place.
 G = Mean time per level.
                   A        B        C        D        E       F      G
               +--------+--------+--------+--------+--------+-----+--------+
         Total |   1776 |   1691 |     85 |    338 |   1046 |   2 |  888.0 |
       Dungeon |   1776 |   1691 |     85 |    338 |   1046 |   2 |  888.0 |
               +--------+--------+--------+--------+--------+-----+--------+

Top non-repeatable levels by time:
     D:1: 1119 daAuts
     D:2: 657 daAuts
